Unix NetHack Version 5.0.0-0 post-release - last build May 10 2026 23:12:36 (d1fa5d53e341ca933230fdaa984d921c805b60aa,branch:main).

Game began 2026-05-11 05:39:22, ended 2026-05-11 05:52:02.

Grufus, chaotic female elven Wizard

          #        #
        --.--------.-
        |...........|
        |...........|
        |...........|
        |...........|
        --%-|--------
          # #
          # ###                #
          #   #               ##
          #   ####            #
         ##      ##           #
         #        ######     ##
         #        -----.-   ##
        -|---     |....ff@###
        |...|     |.>...|
        |<+..     |.....|
        -----     -------

Grufus the Conjurer       St:10 Dx:13 Co:12 In:18 Wi:11 Ch:11  Chaotic
Dlvl:3  $:32 HP:0(18) Pw:27(28) AC:6  Xp:3 T:1001 

Latest messages:
 You descend the stairs.
 The door opens.
 You find a hidden door.
 The dwarf zombie opens a door.
 You already found a monster.  Use 'm' prefix to force another search.
 You already found a monster.  Use 'm' prefix to force another search.
 You hit the dwarf zombie!
 The dwarf zombie hits!
 You hit the dwarf zombie!
 The dwarf zombie hits!
 You destroy the dwarf zombie!
 There is an open door here.
 You see here a dwarf corpse.
 The dwarf zombie misses!
 You hit the dwarf zombie!
 You miss the dwarf zombie.
 The dwarf zombie misses!
 You miss the dwarf zombie.
 You destroy the dwarf zombie!
 You hear the chime of a cash register.
 You swap places with your kitten.
 You hear the footsteps of a guard on patrol.
 In what direction? 6
 You find a hidden passage.
 The kitten bites!
 The kitten bites!
 The kitten misses the kitten.
 The kitten misses the kitten.
 The kitten misses the kitten.
 The kitten bites!
 What do you want to throw? [$ or ?*] t
 In what direction? 6
 The kitten seems more amiable.
 Your kitten devours a lembas wafer.
 The kitten picks up a gold piece.
 The kitten drops a gold piece.
 You stop.  Your kitten is in the way!
 You swap places with your kitten.
 You swap places with your kitten.
 You see here 3 gold pieces.
 $ - 3 gold pieces (32 in total).
 You swap places with your kitten.
 You hear the chime of a cash register.
 You miss the gas spore.
 You kill the gas spore!
 Boom!
 You are caught in the gas spore's explosion!
 It is fatal.
 Do you want your possessions identified? [ynq] (y) y
 Do you want to see your attributes? [ynq] (y) q

Inventory:
 Coins    ('$')
  $ - 32 gold pieces
 Weapons  (')')
  a - a blessed +2 quarterstaff (weapon in hands)
 Armor    ('[')
  b - an uncursed +0 cloak of magic resistance (being worn)
  u - an uncursed +0 studded leather armor (being worn)
 Scrolls  ('?')
  k - an uncursed scroll of confuse monster
  j - an uncursed scroll of remove curse
 Spellbooks  ('+')
  l - a blessed spellbook of force bolt
  m - an uncursed spellbook of magic missile
 Potions  ('!')
  h - an uncursed potion of gain energy
  g - an uncursed potion of oil
  f - an uncursed potion of water
 Rings    ('=')
  d - an uncursed ring of conflict
  e - an uncursed ring of see invisible (on right hand)
 Wands    ('/')
  c - a wand of make invisible (0:4)
 Tools    ('(')
  o - an uncursed leather drum
  r - a cursed can of grease (0:7)
  n - a magic marker (0:22)
  s - a cursed tinning kit (0:99)

Grufus the Wizard's attributes:

Background:
 You were a Conjurer, a level 3 female elven Wizard.
 You were chaotic, nominally on a mission for Anhur
 who was opposed by Ptah (lawful) and Thoth (neutral).
 You were right-handed.
 You were in the Dungeons of Doom, on level 3.
 You entered the dungeon 1001 turns ago.
 It was nighttime.
 You had 60 experience points, 20 more were needed to attain level 4.

Basics:
 You had 0 out of 18 hit points.
 You had 27 out of 28 energy points (spell power).
 Your armor class was 6.
 Your wallet contained 32 zorkmids.
 Autopickup was off.

Final Characteristics:
 Your strength was 10 (limit:18).
 Your dexterity was 13 (limit:18).
 Your constitution was 12 (limit:16).
 Your intelligence was 18 (limit:20).
 Your wisdom was 11 (limit:20).
 Your charisma was 11 (limit:18).

Final Status:
 You weren't hungry.
 You were unencumbered.
 You were wielding a quarterstaff.
 You had basic skill with quarterstaff.

Final Attributes:
 You were fervently aligned.
 You were magic-protected.
 You saw invisible.
 You had infravision.
 You were warded.
 You are dead.

Miscellaneous:
 You didn't encounter any bones levels.
 Total elapsed playing time was 12 minutes and 39 seconds.

Major events:
 Turn
    1: Grufus the chaotic female elven Wizard entered the dungeon
  749: attained the rank of Conjurer (level 3)
 1001: killed by a gas spore's explosion

Spells:
 Name                 Level Category     Fail Retention
 force bolt             1   attack         0%  91%-100%
 magic missile          2   attack         0%  91%-100%
 knock                  1   matter         0%  76%-100%

Skills:
 Fighting Skills
   bare handed combat [Unskilled]
   riding             [Unskilled]
 Weapon Skills
   dagger             [Unskilled]
   knife              [Unskilled]
   axe                [Unskilled]
   short sword        [Unskilled]
   club               [Unskilled]
   mace               [Unskilled]
   quarterstaff       [Basic]
   polearms           [Unskilled]
   spear              [Unskilled]
   trident            [Unskilled]
   sling              [Unskilled]
   dart               [Unskilled]
   shuriken           [Unskilled]
 Spellcasting Skills
   attack spells      [Basic]
   healing spells     [Unskilled]
   divination spells  [Unskilled]
   enchantment spells [Basic]
   clerical spells    [Unskilled]
   escape spells      [Unskilled]
   matter spells      [Unskilled]

Voluntary challenges:
 Character rerolling was not enabled.
 You were an atheist.
 You never genocided any monsters.
 You never polymorphed an object.
 You never changed form.
 You used no wishes.
Achievement:
 You attained the rank of Conjurer.

 The Dungeons of Doom: levels 1 to 3
    Level 1:
       An altar to Anhur.
    Level 2:
    Level 3: <- You were here.
       Final resting place for
          you, killed by a gas spore's explosion.


Vanquished creatures:
  2 dwarf zombies
 an acid blob
  a gas spore
  2 giant rats
  a gecko
  a jackal
  a fox
  a kobold
  3 goblins
  5 grid bugs
  2 lichens
  a newt
21 creatures vanquished.

No species were genocided or became extinct.

Game over:
                       ----------
                      /          \
                     /    REST    \
                    /      IN      \
                   /     PEACE      \
                  /                  \
                  |      Grufus      |
                  |      32 Au       |
                  | killed by a gas  |
                  |     spore's      |
                  |    explosion     |
                  |                  |
                  |       2026       |
                 *|     *  *  *      | *
        _________)/\\_//(\/(/\)/\//\/|_)_______

Goodbye Grufus the Wizard...

You died in The Dungeons of Doom on dungeon level 3 with 379 points,
and 32 pieces of gold, after 1001 moves.
You were level 3 with a maximum of 18 hit points when you died.

